 Dungeon Crawl Stone Soup version 0.22-a0-322-g60b3cfd (webtiles) character file.

412160 xccam the Warrior (level 23, -34/188 HPs)
             Began as a Gnoll Wanderer on Apr 2, 2018.
             Was a High Priest of Cheibriados.
             Killed from afar by a shadow dragon (46 damage)
             ... with a bolt of negative energy
             ... on level 3 of the Depths.
             The game lasted 02:24:05 (39788 turns).

xccam the Warrior (Gnoll Wanderer)                 Turns: 39788, Time: 02:24:07

Health: -34/188    AC: 23    Str: 29    XL:     23   Next: 53%
Magic:  51/55      EV: 26    Int: 35    God:    Cheibriados [*****.]
Gold:   3782       SH: 17    Dex: 35    Spells: 29/51 levels left

rFire    + + .     SeeInvis .   B - +6 demon trident (elec)
rCold    + . .     Gourm    .   h - +1 shield {reflect}
rNeg     . . .     Faith    .   i - +1 plate armour {rF+}
rPois    +         Spirit   .   F - +3 hat of Pondering {ponderous, MR+ MP+10 Int+5}
rElec    +         Reflect  +   p - +1 cloak of Starlight {rElec rC+ EV+4 Stlth--}
rCorr    +         Harm     .   k - +0 pair of gloves
MR       ++...                  v - +2 pair of boots
Stlth    +.........             H - amulet of regeneration
HPRegen  0.81/turn              I - ring of poison resistance
MPRegen  0.34/turn              s - ring "Mykeir" {rCorr +Blink +Inv rF+ Str-2}

@: very slightly contaminated, studying Ice Magic, drained, invisible, very slow
A: distributed training, fangs 1, deformed body, high mp 1, strong nose
}: 2/15 runes: decaying, serpentine
a: Bend Time, Temporal Distortion, Slouch, Step From Time, Renounce Religion,
Evoke Blink


You were on level 3 of the Depths.
You worshipped Cheibriados.
Cheibriados was extremely pleased with you.
You were not hungry.

You visited 8 branches of the dungeon, and saw 39 of its levels.
You also visited: Bailey and Ice Cave.

You collected 4405 gold pieces.
You spent 623 gold pieces at shops.

Inventory:

Hand Weapons
 B - a +6 demon trident of electrocution (weapon)
 M - a +2 demon whip of venom
 Y - a +0 demon blade of flaming
Missiles
 R - 24 tomahawks of returning (quivered)
Armour
 h - a +1 shield of reflection (worn)
 i - a +1 plate armour of fire resistance (worn)
 k - a +0 pair of gloves (worn)
 p - the +1 cloak of Starlight (worn) {rElec rC+ EV+4 Stlth--}
   (You bought it in a shop on level 9 of the Dungeon)

   It affects your evasion (+4).
   It protects you from cold.
   It insulates you from electricity.
   It makes you much less stealthy.
 v - a +2 pair of boots (worn)
 z - +0 fire dragon scales
 F - the +3 hat of Pondering (worn) {ponderous, MR+ MP+10 Int+5}
   (You took it off Gastronok on level 3 of the Lair of Beasts)

   It affects your intelligence (+5).
   It affects your resistance to hostile enchantments.
   It affects your magic capacity (+10).
 V - a +2 plate armour of cold resistance
Jewellery
 b - an uncursed ring of magical power
 s - the ring "Mykeir" (right hand) {rCorr +Blink +Inv rF+ Str-2}
   (You acquired it on level 3 of the Depths)

   [ring of resist corrosion]

   It affects your strength (-2).
   It protects you from fire.
   It lets you turn invisible.
   It lets you blink.
 x - the amulet of the Air {Inacc +Fly rElec EV+5 RMsl}
   (You found it on level 3 of the Snake Pit)

   [amulet of inaccuracy]

   It reduces the accuracy of all your attacks.
   It affects your evasion (+5).
   It insulates you from electricity.
   It lets you fly.
   It protects you from missiles.
 D - an uncursed ring of fire
 E - an uncursed ring of ice
 H - an amulet of regeneration (around neck)
 I - a ring of poison resistance (left hand)
 K - an uncursed ring of magical power
 T - a cursed ring of positive energy
Wands
 o - a wand of clouds (4)
 G - a wand of iceblast (57)
 N - a wand of digging (28)
 Q - a wand of acid (42)
Scrolls
 a - 12 scrolls of fear
 d - 12 scrolls of remove curse
 j - 5 scrolls of magic mapping
 l - 2 scrolls of blinking
 m - 4 scrolls of identify
 q - 12 scrolls of amnesia
 r - 9 scrolls of teleportation
 u - 2 scrolls of enchant armour
 y - 6 scrolls of immolation
 O - 2 scrolls of holy word
 P - 4 scrolls of summoning
Potions
 c - 5 potions of lignification
 e - 3 potions of mutation
 g - 10 potions of brilliance
 n - 5 potions of might
 t - 4 potions of flight
 w - a potion of ambrosia
 A - 5 potions of agility
 C - 9 potions of curing
 L - 6 potions of resistance
 U - 2 potions of magic
 W - a potion of invisibility
 Z - 2 potions of cancellation
Books
 S - a manual of Ice Magic
Comestibles
 f - 63 rations


   Skills:
 + Level 17.2(16.2) Fighting
 + Level 14.7(13.7) Short Blades
 + Level 14.7(13.7) Long Blades
 + Level 14.7(13.7) Axes
 + Level 14.7(13.7) Maces & Flails
 + Level 14.7(13.7) Polearms
 + Level 14.7(13.7) Staves
 + Level 14.7(13.7) Slings
 + Level 14.7(13.7) Bows
 + Level 14.7(13.7) Crossbows
 + Level 14.7(13.7) Throwing
 + Level 15.3(14.3) Armour
 + Level 14.7(13.7) Dodging
 + Level 15.2(14.2) Stealth
 + Level 14.7(13.7) Shields
 + Level 14.9(13.9) Unarmed Combat
 + Level 14.7(13.7) Spellcasting
 + Level 12.7(11.7) Conjurations
 + Level 12.7(11.7) Hexes
 + Level 12.7(11.7) Charms
 + Level 12.7(11.7) Summonings
 + Level 12.7(11.7) Necromancy
 + Level 12.7(11.7) Translocations
 + Level 12.7(11.7) Transmutations
 + Level 12.7(11.7) Fire Magic
 + Level 16.0(15.0) Ice Magic
 + Level 12.7(11.7) Air Magic
 + Level 12.7(11.7) Earth Magic
 + Level 12.7(11.7) Poison Magic
 + Level 15.9(14.9) Invocations
 + Level 14.7(13.7) Evocations


You had 29 spell levels left.
You knew the following spells:

 Your Spells              Type           Power        Failure   Level  Hunger
a - Regeneration          Chrm/Necr      #######...   1%          3    None
b - Dispel Undead         Necr           #######.     2%          5    None
c - Lee's Rapid Deconstr  Erth           #######...   2%          5    None
d - Aura of Abjuration    Summ           #######...   2%          5    None
e - Summon Ice Beast      Ice/Summ       #######.     1%          4    None


Dungeon Overview and Level Annotations

Branches:
Dungeon (15/15)            Temple (0/1) D:7            Lair (6/6) D:10
  Swamp (4/4) Lair:3        Snake (4/4) Lair:4        Slime (0/5) Lair:5
    Orc (2/2) D:9             Elf (0/3) Orc:2        Vaults (4/5) D:14
  Crypt (1/3) Vaults:2     Depths (3/5) D:15

Altars:
Ashenzari
Cheibriados
Elyvilon
Fedhas
Gozag
Hepliaklqana
Kikubaaqudgha
Nemelex Xobeh
Okawaru
Qazlal
Uskayaw
Wu Jian
Xom
Yredelemnul
Zin
Beogh

Shops:
D:9 [   D:10 *   Orc:1 *   Orc:2 }%:([*?}   Snake:1 *   Vaults:3 =%[%

Portals:
Hell: Depths:1 Depths:2 Depths:3
Abyss: Depths:1
Pandemonium: Depths:2 Depths:3
Trove: D:11 (give 6 potions of agility)

Annotations:
D:6 exclusion: oklob plant


Innate Abilities, Weirdness & Mutations

Your experience applies equally to all skills.
You have very sharp teeth.
Your uncanny sense of smell can sniff out nearby items.
Armour fits poorly on your strangely shaped body.
You have an increased reservoir of magic. (+10% MP)


Message History

A deep troll and a spark wasp come into view.
The deep troll shouts! x2; The spark wasp buzzes angrily.
You hear a shout! x2
The quicksilver dragon breathes dispelling energy at you.
The bolt of dispelling energy misses you.
Okay, then.
You fail to use your ability.
You hear a grinding noise.
The spriggan defender throws a stone.
You reflect the stone off your +1 shield of reflection!
The stone completely misses the spriggan defender.
Casting: Aura of Abjuration (safe; 1% risk of failure)
Confirm with . or Enter, or press ? or * to list all spells.
Okay, then.
You fade into invisibility!
The spriggan defender throws a stone.
You reflect the stone off your +1 shield of reflection!
The stone hits the spriggan defender!!
The shadow dragon breathes negative energy at you.
The bolt of negative energy hits you!
You feel drained.
You die...

......#......##.#....###.# ......
.........(#...##..)......##......
....#..#.#.###.##..........##....
..........#.. # ##...#.....##....
..#T......##..# ##.#........##..
...H........#.#∆ ##......#..##..
...........##i###.##.##..#....##
#...........#...#.##....#....##
#.........D...@.T..##...#......
#.......:.....#.#...##..##....#
.##....../....##.# ####.##.....
#........y..# #.. ##..##.....
.##......D##. ..##...####...
.T... ∆ ##....#####.. ...#
##..##.##..### ... ∆
∆∆∆##......##..... ∆
##.......##.....


You could see a shadow dragon, a quicksilver dragon, a spriggan defender, a
spark wasp and 2 deep trolls.

Vanquished Creatures
  Mara (Snake:4)
  Saint Roka (Orc:2)
  A caustic shrike (Depths:3)
  Jory (Vaults:3)
  Nikola (Swamp:1)
  A lich (Vaults:4)
  A titan (Vaults:4)
  Kirke (D:12)
  2 sphinxes
  A thorn hunter (Swamp:4)
  Gastronok (Lair:3)
  The ghost of sankara the Severer, an adept DsBe of Trog (Snake:1)
  Donald (Swamp:1)
  9 nagarajas
  3 tengu reavers
  8 fire giants
  An orc warlord (Bailey)
  3 frost giants (Depths:2)
  12 vault wardens
  A ghoul (Vaults:2)
  A cacodemon (Depths:2)
  A deep elf elementalist (Depths:3)
  8 very ugly things
  A spriggan defender (Depths:2)
  13 ironheart preservers
  A war gargoyle (Vaults:3)
  A deep elf demonologist (Depths:2)
  6 stone giants
  5 vampire knights
  4 spark wasps
  Snorg (Orc:2)
  2 ettins
  8 fire dragons
  15 ogre magi
  Josephine (D:12)
  5 yaktaur captains
  35 hydras
  4 great orbs of eyes
  10 vault guards
  12 naga warriors
  The ghost of kidcy the Impaler, a journeyman MfGl of the Shining One (D:9)
  7 ice dragons
  Fannar (D:12)
  8 centaur warriors
  4 rakshasas
  2 spriggan air magi
  50 two-headed ogres
  2 death knights
  A monstrous demonspawn (Depths:2)
  3 ghost crabs
  7 anacondas
  14 alligators
  5 deep troll shamans
  8 deep troll earth magi
  An alligator snapping turtle (shapeshifter) (Depths:3)
  5 tengu warriors (Depths:2)
  3 orc high priests
  5 vampire magi
  9 naga sharpshooters
  5 shock serpents
  Urug (Lair:2)
  4 spriggan berserkers
  A shock serpent (shapeshifter) (Vaults:2)
  4 deep elf knights
  Nergalle (D:12)
  3 salamander mystics
  A fire crab (Lair:2)
  7 skeletal warriors
  A hell knight (Depths:2)
  A gelid demonspawn (Depths:2)
  5 shambling mangroves
  A deep elf archer (Vaults:2)
  An unseen horror (Vaults:1)
  3 naga ritualists
  10 swamp dragons
  11 deep trolls
  3 glowing orange brains
  12 ironbrand convokers
  14 wizards
  A flayed ghost (Depths:3)
  3 phantasmal warriors
  Pikel (D:4)
  2 necromancers
  A lindwurm (Lair:6)
  3 harpies (Vaults:1)
  6 orc sorcerers
  4 deep elf magi
  8 mana vipers
  5 wolf spiders
  11 orc knights
  31 ugly things
  3 cyclopes
  10 salamanders
  9 elephants (Lair:5)
  Joseph (D:9)
  A smoke demon (Depths:1)
  3 molten gargoyles (Lair:6)
  13 vault sentinels
  3 gargoyles
  19 naga magi
  3 guardian serpents
  A stone giant skeleton (Depths:2)
  34 black mambas
  A storm dragon simulacrum (Vaults:3)
  An ice statue (IceCv)
  21 spiny frogs
  3 centaur skeletons
  8 komodo dragons
  38 yaktaurs
  An orange demon (Depths:2)
  5 kobold demonologists
  A rime drake (shapeshifter) (Vaults:4)
  15 freezing wraiths
  A yaktaur zombie (Depths:1)
  2 red devils
  An efreet (D:15)
  A hellwing (Depths:1)
  2 tengu conjurers (Depths:2)
  7 trolls
  3 wind drakes (shapeshifter)
  A meliai (shapeshifter) (Depths:2)
  2 queen bees (shapeshifter)
  2 polar bears (shapeshifter)
  20 hornets
  A small abomination (Depths:3)
  11 tyrant leeches
  8 blink frogs
  8 hippogriffs
  A raiju (shapeshifter) (D:13)
  44 slime creatures
  8 bog bodies
  A dream sheep (shapeshifter) (Depths:3)
  14 dream sheep
  A hippogriff (shapeshifter) (Depths:1)
  Sigmund (D:5)
  7 redbacks (Snake:4)
  A shadow (D:15)
  A fire dragon skeleton (Depths:1)
  12 spriggans
  4 water elementals (Depths:1)
  A tarantella (shapeshifter) (Depths:3)
  5 wyverns
  A hog (shapeshifter) (Depths:2)
  A fire elemental (Lair:2)
  2 fire bats (Lair:2)
  2 golden eyes (shapeshifter)
  11 wraiths
  48 yaks
  5 basilisks
  6 hogs (D:12)
  3 steam dragons
  A hungry ghost (D:14)
  14 vampire mosquitoes
  69 nagas
  Edmund (D:5)
  3 wargs
  A soldier ant (D:14)
  13 swamp worms
  9 insubstantial wisps (Swamp:2)
  2 acid dragons (Vaults:1)
  23 water moccasins
  A soldier ant (shapeshifter) (Depths:3)
  4 porcupines
  Duvessa (D:7)
  5 hell hounds
  18 swamp drakes
  A hornet zombie (D:5)
  10 ice beasts
  42 orc warriors
  2 alligator simulacra (IceCv)
  5 sky beasts
  A black bear (shapeshifter) (D:14)
  A necrophage (D:11)
  53 ogres
  2 black bears
  4 wolves
  6 boggarts
  21 centaurs
  An ettin simulacrum (Depths:1)
  2 phantoms
  7 crocodiles
  2 big kobolds (D:14)
  2 wyvern zombies
  14 bullfrogs
  Dowan (D:7)
  3 scorpions
  A wyvern skeleton (D:7)
  An elephant simulacrum (IceCv)
  3 killer bees (D:13)
  16 wights
  A vampire bat (Lair:3)
  4 electric eels
  2 howler monkeys
  7 crimson imps
  A bullfrog zombie (D:12)
  5 lava snakes (Lair:6)
  A quasit (D:13)
  2 centaur zombies
  4 draconian simulacra (IceCv)
  2 gnoll shamans
  29 orc wizards
  24 orc priests
  8 hounds
  7 jellies
  A bullfrog skeleton (D:6)
  9 worker ants
  2 spriggan simulacra (IceCv)
  5 troll simulacra (IceCv)
  A wolf simulacrum (IceCv)
  2 centaur simulacra (IceCv)
  2 hound zombies
  Robin (D:3)
  A worker ant zombie (D:6)
  13 adders
  22 gnolls
  A howler monkey skeleton (D:6)
  7 naga simulacra (IceCv)
  5 shadow imps
  25 white imps
  5 oozes
  An adder zombie (D:7)
  4 worms
  3 dart slugs
  5 leopard geckos
  119 orcs
  13 bats
  6 giant cockroaches
  24 goblins
  26 hobgoblins
  14 jackals
  6 quokkas
  4 ball pythons
  A frilled lizard (D:3)
  25 kobolds
  2 leopard gecko skeletons
  11 rats
  A crawling corpse (Depths:3)
1760 creatures vanquished.

Vanquished Creatures (collateral kills)
  2 ugly things (Vaults:4)
2 creatures vanquished.

Vanquished Creatures (others)
  An ironheart preserver (Vaults:3)
  2 stone giants
  4 yaktaur captains
  3 centaur warriors
  An ogre mage (Depths:3)
  An alligator (Swamp:4)
  A deep elf knight (Vaults:2)
  A naga sharpshooter (Snake:4)
  A wizard (Depths:3)
  A necromancer (IceCv)
  A spiny frog (Swamp:3)
  11 yaktaurs
  A hornet (Swamp:1)
  Menkaure (D:5)
  An orc warrior (Vaults:4)
  A swamp drake (Swamp:4)
  A slave (D:5)
  A centaur (Depths:2)
  An iguana (D:5)
  An adder (D:5)
  A leopard gecko (D:5)
  An orc (Orc:2)
  2 jackals (D:5)
  3 briar patches (Swamp:4)
  A crawling corpse (Depths:3)
  6 fungi
  5 plants
55 creatures vanquished.

Grand Total: 1817 creatures vanquished

Notes
Turn   | Place    | Note
-------+----------+-------------------------------------------
     0 | D:1      | Reached skill level 10 in Fighting
     0 | D:1      | xccam the Gnoll Wanderer began the quest for the Orb.
     0 | D:1      | xccam set off with: a scroll of fear, a potion of heal wounds, 2 potions of lignification, a +0 robe, a +0 dagger, a ration
     0 | D:1      | Reached XP level 1. HP: 28/28 MP: 1/1
   389 | D:1      | Reached XP level 2. HP: 36/36 MP: 2/2
   753 | D:2      | Reached XP level 3. HP: 39/42 MP: 3/3
   812 | D:2      | Reached skill level 1 in Invocations
   847 | D:2      | Reached skill level 1 in Short Blades
   847 | D:2      | Reached skill level 1 in Long Blades
   847 | D:2      | Reached skill level 1 in Axes
   847 | D:2      | Reached skill level 1 in Maces & Flails
   847 | D:2      | Reached skill level 1 in Polearms
   847 | D:2      | Reached skill level 1 in Staves
   847 | D:2      | Reached skill level 1 in Slings
   847 | D:2      | Reached skill level 1 in Bows
   847 | D:2      | Reached skill level 1 in Crossbows
   847 | D:2      | Reached skill level 1 in Throwing
   847 | D:2      | Reached skill level 1 in Dodging
   847 | D:2      | Reached skill level 1 in Shields
   847 | D:2      | Reached skill level 1 in Spellcasting
   847 | D:2      | Reached skill level 1 in Evocations
   847 | D:2      | Reached XP level 4. HP: 17/48 MP: 5/5
  1197 | D:2      | Found a hazy altar of Hepliaklqana.
  1200 | D:2      | Found a snail-covered altar of Cheibriados.
  1217 | D:2      | Became a worshipper of Cheibriados the Contemplative
  1335 | D:3      | Reached skill level 1 in Conjurations
  1335 | D:3      | Reached skill level 1 in Hexes
  1335 | D:3      | Reached skill level 1 in Charms
  1335 | D:3      | Reached skill level 1 in Summonings
  1335 | D:3      | Reached skill level 1 in Necromancy
  1335 | D:3      | Reached skill level 1 in Translocations
  1335 | D:3      | Reached skill level 1 in Transmutations
  1335 | D:3      | Reached skill level 1 in Fire Magic
  1335 | D:3      | Reached skill level 1 in Ice Magic
  1335 | D:3      | Reached skill level 1 in Air Magic
  1335 | D:3      | Reached skill level 1 in Earth Magic
  1335 | D:3      | Reached skill level 1 in Poison Magic
  1395 | D:3      | Reached XP level 5. HP: 42/54 MP: 6/6
  1414 | D:3      | Noticed Robin
  1425 | D:3      | Reached * piety under Cheibriados
  1448 | D:3      | Killed Robin
  1884 | D:3      | Reached XP level 6. HP: 46/61 MP: 8/8
  1917 | D:3      | Reached ** piety under Cheibriados
  2255 | D:3      | Found an opulent altar of Gozag.
  2335 | D:3      | Found a glowing silver altar of Zin.
  2499 | D:4      | Reached skill level 5 in Armour
  2838 | D:4      | Reached XP level 7. HP: 62/67 MP: 10/10
  3001 | D:4      | Reached *** piety under Cheibriados
  3638 | D:4      | Found an ornate altar of the Wu Jian Council.
  3638 | D:4      | Found a shimmering altar of Xom.
  3638 | D:4      | Found a blossoming altar of Fedhas.
  3638 | D:4      | Found a shattered altar of Ashenzari.
  3646 | D:4      | Found a hide-covered altar of Uskayaw.
  3646 | D:4      | Found an iron altar of Okawaru.
  3723 | D:5      | Entered Level 5 of the Dungeon
  3740 | D:5      | Noticed Pikel
  3761 | D:4      | Killed Pikel
  3761 | D:4      | Reached skill level 5 in Stealth
  3761 | D:4      | Reached XP level 8. HP: 40/74 MP: 10/12
  3945 | D:5      | Noticed Edmund
  3956 | D:5      | Killed Edmund
  3991 | D:5      | Noticed Sigmund
  4012 | D:5      | Killed Sigmund
  4072 | D:5      | Killed Menkaure
  4873 | D:6      | Reached XP level 9. HP: 78/79 MP: 14/14
  4875 | D:6      | Reached **** piety under Cheibriados
  4875 | D:6      | Reached skill level 11 in Fighting
  5104 | D:6      | Found a blossoming altar of Fedhas.
  5131 | D:6      | Noticed an oklob plant
  5255 | D:6      | Reached skill level 5 in Unarmed Combat
  5306 | D:6      | Found an ancient bone altar of Kikubaaqudgha.
  5991 | D:7      | Got a scorched falchion
  5992 | D:7      | Identified the +3 falchion of Hisue {elec, rElec rC- Int+4 Dex+2} (You found it on level 7 of the Dungeon)
  6017 | D:7      | Reached skill level 5 in Invocations
  6018 | D:7      | Found a shimmering altar of Xom.
  6018 | D:7      | Found a shimmering altar of Xom.
  6019 | D:7      | Found a shimmering altar of Xom.
  6020 | D:7      | Found a shimmering altar of Xom.
  6059 | D:7      | Found a staircase to the Ecumenical Temple.
  6072 | D:7      | Reached ***** piety under Cheibriados
  6208 | D:7      | Found a stormy altar of Qazlal.
  6453 | D:7      | Reached XP level 10. HP: 88/88 MP: 15/17
  6555 | D:7      | Noticed Duvessa
  6555 | D:7      | Noticed Dowan
  6560 | D:7      | Killed Duvessa
  6564 | D:7      | Killed Dowan
  6812 | D:8      | Noticed a two-headed ogre
  6821 | D:8      | Killed a two-headed ogre
  6821 | D:8      | Reached skill level 5 in Short Blades
  6821 | D:8      | Reached skill level 5 in Long Blades
  6821 | D:8      | Reached skill level 5 in Axes
  6821 | D:8      | Reached skill level 5 in Maces & Flails
  6821 | D:8      | Reached skill level 5 in Polearms
  6821 | D:8      | Reached skill level 5 in Staves
  6821 | D:8      | Reached skill level 5 in Slings
  6821 | D:8      | Reached skill level 5 in Bows
  6821 | D:8      | Reached skill level 5 in Crossbows
  6821 | D:8      | Reached skill level 5 in Throwing
  6821 | D:8      | Reached skill level 5 in Dodging
  6821 | D:8      | Reached skill level 5 in Shields
  6821 | D:8      | Reached skill level 5 in Spellcasting
  6821 | D:8      | Reached skill level 5 in Evocations
  6942 | D:8      | Found a basalt altar of Yredelemnul.
  7380 | D:9      | Found a flagged portal.
  7417 | Bailey   | Entered a bailey
  7422 | Bailey   | Noticed an orc warlord
  7572 | Bailey   | Found a runed gate.
  7572 | Bailey   | Found a runed gate.
  7590 | Bailey   | Found a runed gate.
  7753 | Bailey   | Killed an orc warlord
  7753 | Bailey   | Reached XP level 11. HP: 60/95 MP: 19/19
  7764 | Bailey   | Reached ****** piety under Cheibriados
  7878 | D:9      | Noticed Joseph
  7889 | D:9      | Killed Joseph
  7909 | D:9      | Found a staircase to the Orcish Mines.
  7919 | D:9      | Noticed kidcy's ghost (journeyman MfGl)
  7946 | D:9      | Killed kidcy's ghost
  7946 | D:9      | Reached skill level 5 in Conjurations
  7946 | D:9      | Reached skill level 5 in Hexes
  7946 | D:9      | Reached skill level 5 in Charms
  7946 | D:9      | Reached skill level 5 in Summonings
  7946 | D:9      | Reached skill level 5 in Necromancy
  7946 | D:9      | Reached skill level 5 in Translocations
  7946 | D:9      | Reached skill level 5 in Transmutations
  7946 | D:9      | Reached skill level 5 in Fire Magic
  7946 | D:9      | Reached skill level 5 in Ice Magic
  7946 | D:9      | Reached skill level 5 in Air Magic
  7946 | D:9      | Reached skill level 5 in Earth Magic
  7946 | D:9      | Reached skill level 5 in Poison Magic
  8171 | D:9      | Noticed a centaur warrior
  8182 | D:9      | Killed a centaur warrior
  8207 | D:9      | Learned a level 3 spell: Regeneration
  8352 | D:9      | Found Opleben's Armour Boutique.
  8680 | D:10     | Entered Level 10 of the Dungeon
  8780 | D:10     | Reached skill level 12 in Fighting
  8908 | D:10     | Found Kemirgh's General Store.
  8956 | D:10     | Found a staircase to the Lair.
  9209 | D:11     | Noticed a two-headed ogre
  9213 | D:11     | Killed a two-headed ogre
  9213 | D:11     | Reached XP level 12. HP: 84/102 MP: 22/22
  9546 | D:11     | Noticed a two-headed ogre
  9563 | D:11     | HP: 2/102 [two-headed ogre/giant club (19)]
  9566 | D:11     | Killed a two-headed ogre
  9755 | D:11     | Found a portal to a secret trove of treasure.
 10109 | D:9      | Bought the +1 cloak of Starlight {rElec rC+ EV+4 Stlth--} for 623 gold pieces
 10109 | D:9      | Found the +1 cloak of Starlight {rElec rC+ EV+4 Stlth--}
 10153 | D:12     | Noticed Kirke
 10158 | D:12     | Noticed a sphinx
 10165 | D:12     | Killed Kirke
 10252 | D:12     | Noticed Nergalle
 10261 | D:12     | Killed Nergalle
 10373 | D:12     | Reached XP level 13. HP: 86/109 MP: 24/24
 10425 | D:12     | Noticed Fannar
 10432 | D:12     | Killed Fannar
 10498 | D:12     | Noticed Josephine
 10509 | D:12     | Killed Josephine
 11070 | D:12     | Paralysed by a wizard for 3 turns
 11131 | D:12     | Noticed a red very ugly thing
 11144 | D:12     | Killed a cyan very ugly thing
 11291 | D:12     | Paralysed by a wizard for 7 turns
 11606 | Lair:1   | Entered Level 1 of the Lair of Beasts
 11647 | Lair:1   | Found a frozen archway.
 11675 | IceCv    | Entered an ice cave
 12074 | IceCv    | Found an ancient bone altar of Kikubaaqudgha.
 12931 | Lair:1   | Reached skill level 13 in Fighting
 13130 | Lair:2   | Found a transporter.
 13156 | Lair:2   | Found a transporter.
 13272 | Lair:2   | Identified a scroll of acquirement
 13308 | Lair:2   | Reached XP level 14. HP: 118/118 MP: 26/26
 13569 | Lair:2   | Noticed Urug
 13576 | Lair:2   | Killed Urug
 13870 | Lair:3   | Found a staircase to the Swamp.
 13924 | Lair:3   | Reached skill level 10 in Armour
 14057 | Lair:3   | Noticed Gastronok
 14072 | Lair:3   | Killed Gastronok
 14610 | Lair:4   | Found a staircase to the Snake Pit.
 14870 | Lair:4   | Reached skill level 10 in Stealth
 15709 | Lair:5   | Learned a level 5 spell: Dispel Undead
 15765 | Lair:5   | Reached skill level 10 in Invocations
 16109 | Lair:5   | Found a staircase to the Slime Pits.
 16378 | Lair:6   | Entered Level 6 of the Lair of Beasts
 16814 | Lair:6   | Found a large runed door.
 16815 | Lair:6   | Found a large runed door.
 16860 | Lair:6   | Reached XP level 15. HP: 113/124 MP: 28/28
 17145 | Lair:6   | Reached skill level 10 in Unarmed Combat
 17785 | Orc:1    | Entered Level 1 of the Orcish Mines
 17841 | Orc:1    | Found Teyruw's Tempting Trifles.
 17944 | Orc:1    | Learned a level 5 spell: Lee's Rapid Deconstruction
 18581 | Orc:1    | Found a shimmering altar of Xom.
 18713 | Orc:2    | Entered Level 2 of the Orcish Mines
 18717 | Orc:2    | Found Jexzoegg's Gadget Shop.
 18907 | Orc:2    | Found a roughly hewn altar of Beogh.
 18907 | Orc:2    | Found Irelasm's Book Emporium.
 19037 | Orc:2    | Found Ahofevuwk's Magic Scroll Shop.
 19037 | Orc:2    | Noticed Snorg
 19048 | Orc:2    | Killed Snorg
 19057 | Orc:2    | Found Irumpeov's Assorted Antiques.
 19075 | Orc:2    | Found a staircase to the Elven Halls.
 19189 | Orc:2    | Found Luho Yfacepn's Gadget Shoppe.
 19301 | Orc:2    | Found a roughly hewn altar of Beogh.
 19343 | Orc:2    | Noticed Saint Roka
 19364 | Orc:2    | Killed Saint Roka
 19364 | Orc:2    | Reached skill level 10 in Short Blades
 19364 | Orc:2    | Reached skill level 10 in Long Blades
 19364 | Orc:2    | Reached skill level 10 in Axes
 19364 | Orc:2    | Reached skill level 10 in Maces & Flails
 19364 | Orc:2    | Reached skill level 10 in Polearms
 19364 | Orc:2    | Reached skill level 10 in Staves
 19364 | Orc:2    | Reached skill level 10 in Slings
 19364 | Orc:2    | Reached skill level 10 in Bows
 19364 | Orc:2    | Reached skill level 10 in Crossbows
 19364 | Orc:2    | Reached skill level 10 in Throwing
 19364 | Orc:2    | Reached skill level 10 in Dodging
 19364 | Orc:2    | Reached skill level 10 in Shields
 19364 | Orc:2    | Reached skill level 10 in Spellcasting
 19364 | Orc:2    | Reached skill level 10 in Evocations
 19441 | Orc:2    | Found Cadghixia's Antique Armour Emporium.
 19451 | Orc:2    | Found a roughly hewn altar of Beogh.
 19455 | Orc:2    | Found Neizuogh's Antique Weapon Shoppe.
 19548 | Orc:2    | Found a roughly hewn altar of Beogh.
 19723 | Orc:2    | Found a roughly hewn altar of Beogh.
 19741 | Orc:2    | Found Pemayczeo's Food Shop.
 19822 | Orc:2    | Found a roughly hewn altar of Beogh.
 20001 | D:13     | Found a white marble altar of Elyvilon.
 20605 | D:13     | Reached skill level 10 in Ice Magic
 20659 | D:14     | Reached skill level 14 in Fighting
 20738 | D:14     | Reached XP level 16. HP: 133/133 MP: 30/30
 20758 | D:14     | Found a gate to the Vaults.
 21046 | D:14     | You fall through a shaft!
 21046 | D:15     | Entered Level 15 of the Dungeon
 21700 | D:15     | Found a staircase to the Depths.
 22340 | Swamp:1  | Entered Level 1 of the Swamp
 22360 | Swamp:1  | Noticed Nikola
 22375 | Swamp:1  | Killed Nikola
 22558 | Swamp:1  | Noticed Donald
 22569 | Swamp:1  | Killed Donald
 23486 | Swamp:2  | Reached XP level 17. HP: 137/140 MP: 32/32
 23511 | Swamp:2  | Reached XP level 18. HP: 138/147 MP: 33/33
 24349 | Swamp:3  | Learned a level 5 spell: Aura of Abjuration
 24861 | Swamp:4  | Entered Level 4 of the Swamp
 25302 | Swamp:4  | Reached skill level 10 in Conjurations
 25302 | Swamp:4  | Reached skill level 10 in Hexes
 25302 | Swamp:4  | Reached skill level 10 in Charms
 25302 | Swamp:4  | Reached skill level 10 in Summonings
 25302 | Swamp:4  | Reached skill level 10 in Necromancy
 25302 | Swamp:4  | Reached skill level 10 in Translocations
 25302 | Swamp:4  | Reached skill level 10 in Transmutations
 25302 | Swamp:4  | Reached skill level 10 in Fire Magic
 25302 | Swamp:4  | Reached skill level 10 in Air Magic
 25302 | Swamp:4  | Reached skill level 10 in Earth Magic
 25302 | Swamp:4  | Reached skill level 10 in Poison Magic
 25634 | Swamp:4  | Reached skill level 15 in Fighting
 25784 | Swamp:4  | Got a decaying rune of Zot
 26148 | Snake:1  | Entered Level 1 of the Snake Pit
 26148 | Snake:1  | Noticed sankara's ghost (adept DsBe)
 26214 | Snake:1  | Killed sankara's ghost
 26298 | Snake:1  | Found a sparkling altar of Nemelex Xobeh.
 26381 | Snake:1  | Reached XP level 19. HP: 155/155 MP: 34/34
 26627 | Snake:1  | Found Naxkox's Assorted Antiques.
 28060 | Snake:3  | Found the amulet of the Air {Inacc +Fly rElec EV+5 RMsl}
 28919 | Snake:4  | Entered Level 4 of the Snake Pit
 29162 | Snake:4  | Noticed Mara
 29166 | Snake:4  | Noticed xccam's illusion
 29175 | Snake:4  | Noticed xccam's illusion
 29180 | Snake:4  | Killed Mara
 30086 | Snake:4  | Reached XP level 20. HP: 158/163 MP: 36/36
 30249 | Snake:4  | Got a serpentine rune of Zot
 30616 | Vaults:1 | Entered Level 1 of the Vaults
 31978 | Vaults:1 | Reached skill level 16 in Fighting
 32403 | Vaults:2 | Reached XP level 21. HP: 162/171 MP: 38/38
 33170 | Vaults:2 | Found a staircase to the Crypt.
 33366 | Crypt:1  | Entered Level 1 of the Crypt
 34100 | Vaults:3 | Found Huwnovvi's Armour Boutique.
 34107 | Vaults:3 | Found Heiqum's Food Boutique.
 34107 | Vaults:3 | Found Lazesi's Food Boutique.
 34201 | Vaults:3 | Found Utem Yqi's Jewellery Shoppe.
 34224 | Vaults:3 | Noticed Jory
 34240 | Vaults:3 | Killed Jory
 34887 | Vaults:3 | Learned a level 4 spell: Summon Ice Beast
 35194 | Vaults:4 | Reached XP level 22. HP: 108/179 MP: 34/39
 35442 | Vaults:4 | Reached skill level 15 in Invocations
 35581 | Vaults:4 | Reached skill level 15 in Ice Magic
 36353 | Depths:1 | Entered Level 1 of the Depths
 36795 | Depths:1 | Found a gateway to Hell.
 36944 | Depths:1 | Found a one-way gate to the infinite horrors of the Abyss.
 37160 | Depths:1 | Paralysed by an ogre mage for 3 turns
 37632 | Depths:2 | Identified the Catalogue of Clay and Augmentations
 37728 | Depths:2 | Reached skill level 17 in Fighting
 37728 | Depths:2 | Reached skill level 15 in Armour
 37782 | Depths:2 | Found a one-way gate leading to the halls of Pandemonium.
 37789 | Depths:2 | Gained mutation: Armour fits poorly on your strangely shaped body. [a cacodemon]
 37791 | Depths:2 | Gained mutation: You have an increased reservoir of magic. (+10% MP) [a cacodemon]
 37800 | Depths:2 | Reached XP level 23. HP: 187/187 MP: 45/45
 38144 | Depths:2 | Reached skill level 15 in Stealth
 38874 | Depths:3 | Noticed a caustic shrike
 38875 | Depths:3 | Killed a caustic shrike
 38998 | Depths:3 | Got a scintillating jade ring
 38999 | Depths:3 | Identified the ring "Mykeir" {rCorr +Blink +Inv rF+ Str-2} (You acquired it on level 3 of the Depths)
 39772 | Depths:3 | HP: 7/188 [titan/the air (38)]
 39784 | Depths:3 | HP: 8/188 [purple very ugly thing (24)]
 39788 | Depths:3 | Killed from afar by a shadow dragon

Vault maps used:
D:1:      roderic_crop_circles_arrival_small
D:2:      chequers_temple_overflow_statue_of_worship
D:3:      overflow_temple_1_default, zin_statuary, wad_rectangle_vault,
          uniq_robin
D:4:      minmay_overflow_temple_hex, first_ration
D:5:      minmay_splitting_lines, uniq_edmund, uniq_menkaure, uniq_pikel,
          uniq_sigmund
D:6:      kiku_gazebo_garden_becter, tgw_fedhas
D:7:      nicolae_qazlal_eye_of_the_storm, minmay_temple_entry_trees,
          grunt_ogre_cave, xom_shifter_show, uniq_duvessa
D:8:      kennysheep_mini
D:9:      erik_orc_3, serial_shops, nicolae_shop_trees, enter_bailey_3,
          amethyst_killhole, minmay_radiant, uniq_joseph
D:10:     lair_entry_dummy, serial_shops, nicolae_shop_crystal,
          hangedman_abyss_or_decor_stabs, kennysheep_generic_room_3
D:11:     nicolae_trove_entry_crossroad
D:12:     cheibrodos_breeding_chamber, uniq_josephine, uniq_nergalle,
          uniq_fannar, uniq_kirke
D:13:     elyvilon_altar_4
D:14:     david_vaults_1, infiniplex_staircase_zigzag_3, serial_glass,
          glass_columns_c, glass_columns_c, lightli_wizard_tower
D:15:     grunt_enter_depths_hoard, minmay_fountain_box
Lair:1:   portal_ice_cave_entry_imps, dpeg_stationary_puzzle
Lair:2:   gammafunk_cloud_chamber, serial_bayou_shore_a, uniq_urug
Lair:3:   swamp_mist, roderic_batcave, uniq_gastronok
Lair:4:   guppyfry_snake_entry_garden
Lair:5:   nicolae_slime_entry_slimehenge, st_stairs_13, lemuel_fruit_tree
Lair:6:   cheibrodos_lair_end_hotspot, st_stairs_5
Swamp:1:  evilmike_swamp_ruin_rubble_1, uniq_donald, uniq_nikola
Swamp:2:  serial_swamp_ruin, evilmike_swamp_ruin_house_3,
          evilmike_swamp_ruin_house_4, evilmike_swamp_ruin_rubble_2,
          swamp_pool1, nicolae_swamp_baby_hydras
Swamp:3:  evilmike_swamp_ruin_house_5, swamp_pool1
Swamp:4:  swamp_basic_johnstein
Snake:1:  serial_shops, shop, basic_altar, minmay_snake_pond, grunt_megastairs_4
Snake:4:  minmay_snake_end_coiled, spider_trap, uniq_mara
Orc:1:    cheibrodos_orc_bank, basic_altar, nicolae_alphabet_shops
Orc:2:    grunt_orc_community_town_hall, grunt_orc_community_big_house_1,
          grunt_orc_community_big_house_2, grunt_orc_community_house_1,
          grunt_orc_community_house_1, grunt_orc_community_house_1,
          grunt_orc_community_house_1, grunt_orc_community_house_1,
          serial_shops, shop, shop, shop, nicolae_shop_overgrown_old_shop,
          uniq_snorg
Vaults:1: hangedman_vaults_pinch, v_pattern_4, hangedman_vaults_cutoff,
          v_rooms_3, v_misc_25, v_rooms_5, grunt_vaults_swirl,
          ontoclasm_vaults_shuriken, ontoclasm_vaults_misaligned,
          nicolae_vaults_shelves_hall
Vaults:2: nicolae_vaults_mini_display_case, minmay_crypt_entry_simple_sparse,
          vaults_room_corners, nicolae_vaults_yaktaur_gun_rack,
          ontoclasm_vaults_ring_small, vaults_room_fours
Vaults:3: hangedman_vaults_hard_town_square, vaults_dpeg_cross,
          ontoclasm_vaults_claustrophobia, grunt_vaults_bifocal,
          vaults_room_semicircle, nicolae_vaults_little_squares_6, serial_shops,
          nicolae_shop_waterfront, uniq_jory
Vaults:4: v_misc_26, st_spiral_rooms, hangedman_vaults_nails, v_alt_pattern_2,
          v_misc_26, nicolae_vaults_circle_grid_a, serial_ice_b,
          hangedman_vaults_capsules, vaults_room_fours
Crypt:1:  serial_corexii_hall, corexii_hall_statues_i, corexii_hall_statues_l,
          uniq_khufu
Depths:1: minmay_misc_feat_hallway, abyss_entry, hellmouth_1,
          minmay_item_behind_shaft, kennysheep_small_square
Depths:2: minmay_the_grid_triangle_9x9_recursive_2_mashed, hell_entry,
          minmay_misc_feat_more_columns, rand_demon_pan_entry_8,
          columned_hall_lemuel, kennysheep_potato, uniq_saint_roka
Depths:3: hangedman_pleasuredromes, pan_entry, hell_entry, serial_shops
Bailey:   bailey_axe_bossmonster_kennysheep, bailey
IceCv:    ice_cave_small_necro

Skill      XL: |  1  2  3  4  5  6  7  8  9 10 11 12 13 14 15 16 17 18 19 20 21 22 23 |
---------------+----------------------------------------------------------------------+-----
Fighting       | 11 12 13 14 15 16 17 | 17.2
Invocations    | 1 2 3 4 5 6 7 8 9 10 11 12 13 14 15 | 15.9
Short Blades   | 1 2 3 4 5 6 7 8 9 10 11 12 13 14 | 14.7
Long Blades    | 1 2 3 4 5 6 7 8 9 10 11 12 13 14 | 14.7
Axes           | 1 2 3 4 5 6 7 8 9 10 11 12 13 14 | 14.7
Maces & Flails | 1 2 3 4 5 6 7 8 9 10 11 12 13 14 | 14.7
Polearms       | 1 2 3 4 5 6 7 8 9 10 11 12 13 14 | 14.7
Staves         | 1 2 3 4 5 6 7 8 9 10 11 12 13 14 | 14.7
Slings         | 1 2 3 4 5 6 7 8 9 10 11 12 13 14 | 14.7
Bows           | 1 2 3 4 5 6 7 8 9 10 11 12 13 14 | 14.7
Crossbows      | 1 2 3 4 5 6 7 8 9 10 11 12 13 14 | 14.7
Throwing       | 1 2 3 4 5 6 7 8 9 10 11 12 13 14 | 14.7
Dodging        | 1 2 3 4 5 6 7 8 9 10 11 12 13 14 | 14.7
Shields        | 1 2 3 4 5 6 7 8 9 10 11 12 13 14 | 14.7
Spellcasting   | 1 2 3 4 5 6 7 8 9 10 11 12 13 14 | 14.7
Evocations     | 1 2 3 4 5 6 7 8 9 10 11 12 13 14 | 14.7
Conjurations   | 1 2 3 4 5 6 7 8 9 10 11 12 | 12.7
Hexes          | 1 2 3 4 5 6 7 8 9 10 11 12 | 12.7
Charms         | 1 2 3 4 5 6 7 8 9 10 11 12 | 12.7
Summonings     | 1 2 3 4 5 6 7 8 9 10 11 12 | 12.7
Necromancy     | 1 2 3 4 5 6 7 8 9 10 11 12 | 12.7
Translocations | 1 2 3 4 5 6 7 8 9 10 11 12 | 12.7
Transmutations | 1 2 3 4 5 6 7 8 9 10 11 12 | 12.7
Fire Magic     | 1 2 3 4 5 6 7 8 9 10 11 12 | 12.7
Ice Magic      | 1 2 3 4 5 6 7 8 10 11 12 13 14 15 16 | 16.0
Air Magic      | 1 2 3 4 5 6 7 8 9 10 11 12 | 12.7
Earth Magic    | 1 2 3 4 5 6 7 8 9 10 11 12 | 12.7
Poison Magic   | 1 2 3 4 5 6 7 8 9 10 11 12 | 12.7
Unarmed Combat | 3 4 5 6 7 8 9 10 11 12 13 14 | 14.9
Armour         | 5 6 7 8 9 10 11 12 13 14 15 | 15.3
Stealth        | 5 6 7 8 9 10 11 12 13 14 15 | 15.2

Action                   |  1- 3 |  4- 6 |  7- 9 | 10-12 | 13-15 | 16-18 | 19-21 | 22-24 || total
-------------------------+-------+-------+-------+-------+-------+-------+-------+-------++-------
Melee: Unarmed           |   124 |   228 |    70 |     1 |       |       |       |       ||   423
       Bite              |    11 |    33 |    70 |   141 |   239 |   207 |   358 |   214 ||  1273
       Punch             |     2 |    12 |     8 |    32 |    73 |    23 |       |       ||   150
       Whip              |       |       |   249 |   286 |     5 |       |       |       ||   540
       Broad axe         |       |       |       |   233 |   308 |       |       |       ||   541
       Falchion          |       |       |       |    21 |       |       |       |       ||    21
       Great sword       |       |       |       |       |     3 |       |       |       ||     3
       Demon trident     |       |       |       |       |   884 |   985 |  1751 |  1022 ||  4642
 Fire: Blowgun           |       |     3 |     3 |       |       |       |       |       ||     6
Throw: Tomahawk          |       |       |       |    18 |    25 |    26 |     9 |    10 ||    88
 Cast: Lee's Rapid Decon |       |       |       |       |    14 |       |       |       ||    14
       Regeneration      |       |       |       |       |     3 |     1 |     8 |     1 ||    13
       Dispel Undead     |       |       |       |       |       |     5 |     4 |     3 ||    12
       Aura of Abjuratio |       |       |       |       |       |     1 |     3 |     3 ||     7
       Summon Ice Beast  |       |       |       |       |       |       |     5 |       ||     5
Invok: Slouch            |       |       |       |     2 |    11 |    10 |     6 |     3 ||    32
       Temporal Distorti |       |       |       |       |       |     3 |     2 |       ||     5
       Step From Time    |       |       |       |       |       |       |       |     3 ||     3
Evoke: Wand              |       |       |       |     3 |     2 |       |       |       ||     5
  Use: Potion            |     1 |     4 |     1 |     8 |     2 |     1 |     2 |    13 ||    32
       Scroll            |       |       |     7 |     8 |    16 |     6 |     4 |    14 ||    55
 Stab: Sleeping          |     3 |     6 |     1 |       |       |       |       |       ||    10
       Distracted        |       |       |     1 |       |       |       |       |     2 ||     3
       Paralysed         |       |       |       |       |     4 |       |       |       ||     4
       Confused          |       |       |       |       |       |     1 |       |       ||     1
  Eat: Chunk             |       |     4 |     6 |     6 |    15 |     9 |     9 |     3 ||    52
       Ration            |       |       |       |     1 |     3 |     2 |     4 |     2 ||    12
Armor: Chain mail        |    17 |       |   107 |       |       |       |       |       ||   124
       Ring mail         |    34 |    72 |    12 |       |       |       |       |       ||   118
       Skin              |       |     4 |       |     3 |       |       |       |       ||     7
       Plate armour      |       |       |    29 |   273 |   402 |   320 |   303 |   158 ||  1485
Dodge: Dodged            |    56 |   116 |   166 |   463 |  1210 |   783 |   909 |   521 ||  4224
Block: Shield            |       |       |       |       |       |   612 |  1246 |   670 ||  2528
       Reflection        |       |       |       |       |       |    11 |   143 |    81 ||   235
       Rpst.: Falchion   |       |       |       |    10 |       |       |       |       ||    10

Table legend:
 A = Spawn XP
 B = Non-spawn XP
 C = Spawn XP percentage of total XP
 D = Spawn monster count
 E = Non-spawn monster count
 F = Spawn count percentage of total count
 G = Total turns spent on level
                    A         B        C        D         E        F      G
               +---------+---------+-------+---------+---------+-------+---------
         Total |       0 |  710209 |   0.0 |       0 |    1788 |   0.0 | 39788
               +---------+---------+-------+---------+---------+-------+---------
           D:1 |       0 |      19 |   0.0 |       0 |      12 |   0.0 |   674
           D:2 |       0 |     113 |   0.0 |       0 |      22 |   0.0 |   659
           D:3 |       0 |     303 |   0.0 |       0 |      53 |   0.0 |  1093
           D:4 |       0 |    1019 |   0.0 |       0 |      23 |   0.0 |  1458
           D:5 |       0 |     887 |   0.0 |       0 |      21 |   0.0 |   901
           D:6 |       0 |    1661 |   0.0 |       0 |      31 |   0.0 |  1076
           D:7 |       0 |    1083 |   0.0 |       0 |      33 |   0.0 |   808
           D:8 |       0 |    1924 |   0.0 |       0 |      21 |   0.0 |   705
           D:9 |       0 |    4849 |   0.0 |       0 |      37 |   0.0 |   966
          D:10 |       0 |    3932 |   0.0 |       0 |      31 |   0.0 |   717
          D:11 |       0 |    6927 |   0.0 |       0 |      30 |   0.0 |   954
          D:12 |       0 |   16015 |   0.0 |       0 |      35 |   0.0 |  1437
          D:13 |       0 |   10491 |   0.0 |       0 |      46 |   0.0 |   719
          D:14 |       0 |   14810 |   0.0 |       0 |      53 |   0.0 |   803
          D:15 |       0 |    7099 |   0.0 |       0 |      25 |   0.0 |   867
        Lair:1 |       0 |    4388 |   0.0 |       0 |      28 |   0.0 |   692
        Lair:2 |       0 |    5977 |   0.0 |       0 |      23 |   0.0 |   802
        Lair:3 |       0 |    5681 |   0.0 |       0 |      25 |   0.0 |   747
        Lair:4 |       0 |    5605 |   0.0 |       0 |      20 |   0.0 |  1016
        Lair:5 |       0 |   11164 |   0.0 |       0 |      38 |   0.0 |  1016
        Lair:6 |       0 |   13295 |   0.0 |       0 |      51 |   0.0 |  1245
       Swamp:1 |       0 |   21795 |   0.0 |       0 |      36 |   0.0 |   857
       Swamp:2 |       0 |   17630 |   0.0 |       0 |      37 |   0.0 |   743
       Swamp:3 |       0 |   17928 |   0.0 |       0 |      49 |   0.0 |   988
       Swamp:4 |       0 |   41437 |   0.0 |       0 |      80 |   0.0 |  1177
       Snake:1 |       0 |   23760 |   0.0 |       0 |      51 |   0.0 |   948
       Snake:2 |       0 |   18068 |   0.0 |       0 |      26 |   0.0 |   901
       Snake:3 |       0 |   16883 |   0.0 |       0 |      42 |   0.0 |   968
       Snake:4 |       0 |   44723 |   0.0 |       0 |      76 |   0.0 |  1382
         Orc:1 |       0 |    9574 |   0.0 |       0 |      58 |   0.0 |  1010
         Orc:2 |       0 |   13731 |   0.0 |       0 |      88 |   0.0 |  1103
      Vaults:1 |       0 |   57044 |   0.0 |       0 |      86 |   0.0 |  1389
      Vaults:2 |       0 |   57273 |   0.0 |       0 |      89 |   0.0 |  1516
      Vaults:3 |       0 |   40112 |   0.0 |       0 |      54 |   0.0 |  1596
      Vaults:4 |       0 |   69401 |   0.0 |       0 |     103 |   0.0 |  1188
       Crypt:1 |       0 |     844 |   0.0 |       0 |       1 |   0.0 |     7
      Depths:1 |       0 |   39229 |   0.0 |       0 |      60 |   0.0 |   989
      Depths:2 |       0 |   50446 |   0.0 |       0 |      61 |   0.0 |  1334
      Depths:3 |       0 |   44835 |   0.0 |       0 |      52 |   0.0 |  1112
        Bailey |       0 |    2230 |   0.0 |       0 |      27 |   0.0 |   414
         IceCv |       0 |    6024 |   0.0 |       0 |      54 |   0.0 |   811
               +---------+---------+-------+---------+---------+-------+---------
